 Dungeon Crawl Stone Soup version 0.30-a0-469-g84de5afbc5 (webtiles) character file.

Game seed: 1322111846423130608

668 NinjaNoafa the Ducker (level 7, 0/55 HPs)
             Began as a Merfolk Gladiator on Dec 19, 2022.
             Slain by an orc wizard
             ... wielding a +0 dagger
              (3 damage)
             ... on level 5 of the Dungeon.
             The game lasted 00:06:46 (4398 turns).

NinjaNoafa the Ducker (Merfolk Gladiator)           Turns: 4398, Time: 00:06:47

Health: 0/55       AC:  5    Str: 13 (14) XL:     7   Next: 58%
Magic:  7/7        EV: 15    Int:  6 (7)  God:
Gold:   260        SH:  0    Dex: 22 (23) Spells: 6/6 levels left

rFire   + . .      SeeInvis .    a - +0 rapier
rCold   . . .      Faith    .    n - +0 buckler
rNeg    + . .      Spirit   .    b - +0 leather armour
rPois   .          Reflect  .    c - +0 helmet
rElec   .          Harm     .    (no cloak)
rCorr   +          Rampage  .    e - +0 pair of gloves of Apathy {rN+ rCorr Dex+5}
Will    .....                    (no boots)
Stlth   +.........               q - amulet of magic regeneration
HPRegen 0.29/turn                u - ring of protection from fire
MPRegen 0.50/turn                (no ring)

@: confused, mighty
A: (nimble swimmer 2), mertail
a: no special abilities


You were on level 5 of the Dungeon.
You visited 1 branch of the dungeon, and saw 5 of its levels.

You collected 260 gold pieces.

Inventory:

Hand Weapons
 a - a +0 rapier (weapon)
Missiles
 f - 3 poisoned darts
 h - 35 stones
 w - 2 boomerangs (quivered)
 x - 2 throwing nets
 y - a javelin
Armour
 b - a +0 leather armour (worn)
 c - a +0 helmet (worn)
 e - the +0 pair of gloves of Apathy (worn) {rN+ rCorr Dex+5}
   (You found it on level 4 of the Dungeon)

   Dex:       It affects your dexterity (+5).
   rN:        It protects you from negative energy.
   rCorr:     It protects you from acid and corrosion.
 n - a +0 buckler (worn)
Jewellery
 q - an amulet of magic regeneration (around neck)
 u - a ring of protection from fire (left hand)
Wands
 t - a wand of roots (3)
 v - a wand of polymorph (8)
Scrolls
 d - 2 scrolls of immolation {unknown}
 i - 4 scrolls of identify {unknown}
 j - 3 scrolls of amnesia {unknown}
 k - a scroll of torment {unknown}
 m - a scroll of enchant armour {unknown}
 p - 2 scrolls of silence {unknown}
 s - a scroll of vulnerability {unknown}
 A - a scroll of magic mapping {unknown}
Potions
 l - a potion of cancellation {unknown}
 r - a potion of lignification {unknown}
 z - a potion of resistance {unknown}


   Skills:
 - Level 4.6 Fighting
 - Level 5.7 Short Blades
 - Level 2.0 Throwing
 - Level 6.3 Dodging
 + Level 3.0 Stealth
 + Level 3.4 Shields


You had 6 spell levels left.
You didn't know any spells.
Your spell library contained the following spells:

 Spells                   Type           Power      Damage    Failure   Level
 Sting                    Tmut/Pois      0%         1d3       63%         1
 Poisonous Vapours        Pois/Air       0%         N/A       77%         2
 Scorch                   Fire           0%         2d5       77%         2
 Ignite Poison            Fire/Tmut/Pois 0%         N/A       94%         3
 Kindle Blastsparks       Fire/Tloc/Air  0%         2d10      94%         3
 Flame Wave               Conj/Fire      0%         2d4       100%        4
 Olgreb's Toxic Radiance  Pois           0%         N/A       100%        4
 Freezing Cloud           Conj/Ice/Air   0%         6-21      100%        5
 Summon Cactus Giant      Summ           0%         N/A       100%        6


Dungeon Overview and Level Annotations

Branches:
Dungeon (5/15)
 Temple: D:4-7

Altars:
Okawaru
Sif Muna

Annotations:
D:4 2 transporters, kurumiz's ghost, amateur MiBe


Innate Abilities, Weirdness & Mutations

((You are very nimble when in or above water. (Stealth+, EV+, Speed+++)))
Your lower body shifts to a powerful aquatic tail in water.


Message History

* * * LOW HITPOINT WARNING * * *
The orc hits you but does no damage.
Aiming: Fastroot
Press: ? - help, Shift-Dir - straight line, f - you, p - orc The roots erupt in riotous growth!
The grasping roots constrict the orc!
You kill the orc!
Something hits you but does no damage.
You miss something. You miss something. Something hits you.
* * * LOW HITPOINT WARNING * * *
You miss something. Something hits you but does no damage.
You closely miss something. Something hits you but does no damage.
You barely miss something. Something hits you but does no damage.
You barely miss something. Something hits you but does no damage.
You closely miss something.
You hear some strange, mumbled words.
A magic dart appears from out of thin air!
The magic dart hits you.
* * * LOW HITPOINT WARNING * * *
You hit something but do no damage. Something hits you but does no damage.
You closely miss something. You block something's attack.
You barely miss something.
You hear some strange, mumbled words.
A puff of flame appears from out of thin air!
The puff of flame hits you. You resist.
* * * LOW HITPOINT WARNING * * *
You miss something. Something hits you.
* * * LOW HITPOINT WARNING * * *
You hit something but do no damage. Something hits you but does no damage.
You closely miss something.
You hear some strange, mumbled words.
You are confused.
It was a potion of might.
You feel very mighty all of a sudden.
You hear some strange, mumbled words.
A magic dart appears from out of thin air!
The magic dart hits you!
* * * LOW HITPOINT WARNING * * *
Something hits you.
You die...

....#.............#
....#.........)...#
....#.............#
...####'#########'#
...##....####.....#
.........#........#
.........#........#
.........#........#
.........#......@)#
.........#.....){.#
..###....####..)..#
..######## #...).#
...# #.....# ...#
#.....# ...#
#.....# ...#
#.....# ...#
#.....#


There were no monsters in sight!

Vanquished Creatures
  Sigmund (D:3)
  A black bear (D:3)
  2 ogres
  A hound (D:5)
  An orc priest (D:4)
  3 jellies
  A gnoll (D:5)
  An adder (D:3)
  3 worms
  9 orcs
  4 ball pythons
  8 endoplasms
  A giant cockroach (D:3)
  5 hobgoblins
  3 jackals (D:5)
  5 kobolds
  4 quokkas
  3 bats
  A frilled lizard (D:1)
  8 goblins
  4 rats
69 creatures vanquished.

Notes
Turn   | Place    | Note
-------+----------+-------------------------------------------
     0 | D:1      | NinjaNoafa the Merfolk Gladiator began the quest for the
                  | Orb.
     0 | D:1      | Reached XP level 1. HP: 16/16 MP: 1/1
   237 | D:1      | Reached XP level 2. HP: 23/23 MP: 2/2
   857 | D:2      | Found a faded altar of an unknown god.
  1001 | D:2      | Reached XP level 3. HP: 28/28 MP: 3/3
  1217 | D:2      | Found a shimmering blue altar of Sif Muna.
  1871 | D:3      | Noticed a black bear
  1885 | D:3      | Killed a black bear
  1886 | D:3      | Reached skill level 5 in Dodging
  1886 | D:3      | Reached skill level 1 in Shields
  1886 | D:3      | Reached XP level 4. HP: 16/35 MP: 4/4
  1886 | D:3      | Reached XP level 5. HP: 19/41 MP: 5/5
  2190 | D:3      | Noticed Sigmund
  2191 | D:3      | Found a shimmering blue altar of Sif Muna.
  2232 | D:3      | Killed Sigmund
  2233 | D:3      | Reached skill level 5 in Short Blades
  2233 | D:3      | Reached XP level 6. HP: 27/48 MP: 6/6
  2601 | D:4      | Found a transporter.
  2604 | D:4      | Found a transporter.
  2604 | D:4      | Noticed kurumiz's ghost (amateur MiBe)
  2699 | D:4      | Reached skill level 6 in Dodging
  2956 | D:4      | Identified the +0 pair of gloves of Apathy {rN+ rCorr
                  | Dex+5}
  3131 | D:4      | Found an iron altar of Okawaru.
  3146 | D:4      | Reached XP level 7. HP: 55/55 MP: 7/7
  3439 | D:5      | Entered Level 5 of the Dungeon
  3914 | D:5      | Found a glowing drain.
  4397 | D:5      | HP: 2/55 [something/magic dart (7)]
  4398 | D:5      | Slain by an orc wizard

Illustrated notes

Levels and vault maps discovered:
D:1:      wander_arrival_desolate, layout_loops_ring, minmay_misc_feat_rows
D:2:      layout_basic, basic_altar, ebering_ecumenical_altar_abandoned,
          serial_rivers, chequers_serial_rivers_small_3,
          chequers_serial_rivers_room_a, chequers_serial_rivers_small_3,
          chequers_serial_rivers_marsh
D:3:      layout_loops_ring, mainiacjoe_overflow_alcove_1, moated_statue,
          uniq_sigmund
D:4:      layout_basic, okawaru_trees_1, gammafunk_ghost_arena, serial_rivers,
          chequers_serial_rivers_room_b, chequers_serial_rivers_small_a,
          chequers_serial_rivers_room_b, chequers_serial_rivers_micro_d
D:5:      layout_gridville, gup_sewer_entry_glass

Skill      XL: |  1  2  3  4  5  6  7 |
---------------+----------------------+-----
Short Blades   | 4 5 |  5.7
Fighting       | 3 4 |  4.6
Dodging        | 5 6 |  6.3
Shields        | 1 2 3 |  3.4
Stealth        | 3 |  3.0
Throwing       | |  2.0

Action                   |  1- 3 |  4- 6 |  7- 9 || total
-------------------------+-------+-------+-------++-------
Melee: Rapier            |   115 |    66 |    89 ||   270
       Punch             |     1 |       |       ||     1
Throw: Javelin           |     3 |       |     1 ||     4
       Dart              |     3 |     2 |       ||     5
       Throwing net      |     3 |     1 |       ||     4
       Stone             |     2 |       |       ||     2
       Boomerang         |       |    40 |     6 ||    46
Evoke: Wand              |     1 |     2 |     3 ||     6
  Use: Scroll            |     1 |       |     2 ||     3
       Potion            |       |     4 |     4 ||     8
 Stab: Sleeping          |     2 |     1 |     1 ||     4
       Held in net/web   |     1 |     1 |       ||     2
Armor: Leather armour    |    25 |    13 |    21 ||    59
Dodge: Dodged            |    86 |    42 |    75 ||   203
Block: Buckler           |    17 |    10 |    22 ||    49

Table legend: (Time is in decaauts)
 A = Elapsed time spent in this place.
 B = Non-inter-level travel time spent in this place.
 C = Inter-level travel time spent in this place.
 D = Time resting spent in this place.
 E = Time spent auto-exploring this place.
 F = Levels seen in this place.
 G = Mean time per level.
                   A        B        C        D        E       F      G
               +--------+--------+--------+--------+--------+-----+--------+
         Total |   4380 |   4284 |     96 |      0 |   3477 |   5 |  876.0 |
       Dungeon |   4380 |   4284 |     96 |      0 |   3477 |   5 |  876.0 |
               +--------+--------+--------+--------+--------+-----+--------+

Top non-repeatable levels by time:
     D:3: 1087 daAuts
     D:5: 956 daAuts
     D:4: 846 daAuts
     D:2: 774 daAuts
     D:1: 715 daAuts
